 Dungeon Crawl Stone Soup version 0.23.2-30-g0e89c35649 (webtiles) character file.

Game seed: 3215725349099359836

264 jamsan the Sneak (level 5, 0/35 HPs)
             Began as a Vampire Enchanter on June 16, 2019.
             Slain by a worm (7 damage)
             ... on level 4 of the Dungeon.
             The game lasted 00:32:30 (5620 turns).

jamsan the Sneak (Vampire Enchanter)                Turns: 5620, Time: 00:32:31

Health: 0/35       AC:  3    Str:  7    XL:     5   Next: 98%
Magic:  0/8        EV: 13    Int: 18    God:
Gold:   156        SH:  0    Dex: 15    Spells: 2/8 levels left

rFire    . . .     SeeInvis +   a - +1 dagger
rCold    + . .     Gourm    .   (no shield)
rNeg     + + .     Faith    .   b - +0 robe
rPois    +         Spirit   +   n - +0 helmet
rElec    .         Reflect  .   (no cloak)
rCorr    .         Harm     .   (no gloves)
MR       .....                  (no boots)
Stlth    ++++......             c - amulet of guardian spirit
HPRegen  0.05/turn              j - ring of flight
MPRegen  0.11/turn              (no ring)

@: regenerating slowly
A: fangs 3, see invisible, unbreathing
a: Bat Form, Evoke Flight


You were on level 4 of the Dungeon.
You were near bloodless.

You visited 1 branch of the dungeon, and saw 4 of its levels.

You collected 156 gold pieces.

Inventory:

Hand Weapons
 a - a +1 dagger (weapon)
 k - a cursed +0 spear
Missiles
 f - 129 stones (quivered)
Armour
 b - a +0 robe (worn)
 l - a +2 plate armour of poison resistance
 n - a +0 helmet (worn)
Jewellery
 c - an amulet of guardian spirit (around neck)
 j - a ring of flight (left hand)
Scrolls
 g - a scroll of remove curse
 h - a scroll of identify {unknown}
 m - a scroll of fear {unknown}
Potions
 d - 6 potions of blood
 e - a potion of magic
 i - a potion of invisibility {unknown}
 p - a potion of mutation {unknown}


   Skills:
 - Level 4.8 Short Blades
 - Level 2.1 Dodging
 + Level 6.3 Stealth
 - Level 2.0 Spellcasting
 + Level 6.0 Hexes


You had 2 spell levels left.
You knew the following spells:

 Your Spells              Type           Power        Failure   Level  Hunger
a - Corona                Hex            ###....      1%          1    #......
b - Confuse               Hex            ###.....     4%          3    ###....
c - Ensorcelled Hibernat  Hex/Ice        ##....       8%          2    ###....

Your spell library contained the following spells:

 Spells                   Type           Power        Failure   Level  Hunger
 Tukima's Dance           Hex            ###.....     4%          3    ###....
 Dazzling Spray           Conj/Hex       ##....       16%         3    ###....


Dungeon Overview and Level Annotations

Branches:
Dungeon (4/15)
 Temple: D:4-7

Altars:
Makhleb
Uskayaw
Zin
The Shining One

Annotations:
D:3 3 runed translucent doors, Grinder; grocchini's ghost, amateur VSAE
D:4 Blork the orc


Innate Abilities, Weirdness & Mutations

You heal slowly.
You have razor-sharp teeth.
You have supernaturally acute eyesight. (SInv)
You can survive without breathing.


Message History

The worm bites you.
You hit the worm.
The worm is heavily wounded.
You hit the worm.
The worm is heavily wounded.
The worm bites you.
Casting: Confuse (safe; 4% risk of failure)
Confirm with . or Enter, or press ? or * to list all spells.
Aiming: Corona (safe; 1% risk of failure)
Press: ? - help, Shift-Dir - straight line, f/p - worm
Aim: a worm (heavily wounded, chance to defeat MR: 71%)
The worm is outlined in light.
You hit the worm.
The worm is severely wounded.
The worm bites you!
* * * LOW HITPOINT WARNING * * *
As you read the scroll labeled ANKIAL WIPUKK, it crumbles to dust.
The creatures around you are filled with an inner flame!
It was a scroll of immolation.
The worm bites you!
You die...

############
..%...w@...#
##########.#
...[.....#
########.#
#.# ##.#
#..# #..#
#..#


You could see a worm (inner flame).

Vanquished Creatures
  A scorpion (D:2)
  A hound (D:4)
  A worker ant (D:4)
  6 adders
  An ooze (D:3)
  4 worms
  3 dart slugs
  6 orcs
  4 giant cockroaches
  9 hobgoblins
  11 jackals (D:1)
  3 quokkas
  2 ball pythons
  3 bats
  6 frilled lizards
  10 goblins
  5 kobolds
  7 rats
83 creatures vanquished.

Notes
Turn   | Place    | Note
-------+----------+-------------------------------------------
     0 | D:1      | jamsan the Vampire Enchanter began the quest for the Orb.
     0 | D:1      | Reached XP level 1. HP: 13/13 MP: 3/3
   412 | D:1      | Reached XP level 2. HP: 19/19 MP: 5/5
   996 | D:1      | Reached XP level 3. HP: 18/24 MP: 2/6
  1451 | D:1      | Learned a level 3 spell: Confuse
  2207 | D:2      | Found a glowing silver altar of Zin.
  2832 | D:2      | Reached XP level 4. HP: 30/30 MP: 7/7
  2898 | D:2      | Found a burning altar of Makhleb.
  3110 | D:2      | Found a glowing golden altar of the Shining One.
  3393 | D:2      | Learned a level 2 spell: Ensorcelled Hibernation
  4062 | D:2      | Reached skill level 5 in Stealth
  4062 | D:2      | Reached skill level 5 in Hexes
  4062 | D:2      | Reached XP level 5. HP: 18/35 MP: 4/8
  4882 | D:4      | Noticed Blork the orc
  4930 | D:3      | Noticed Grinder
  5067 | D:3      | Noticed a +0 dagger
  5067 | D:3      | Noticed a +0 dagger
  5118 | D:3      | Found a hide-covered altar of Uskayaw.
  5141 | D:3      | Found a runed translucent gate.
  5141 | D:3      | Found a runed translucent gate.
  5141 | D:3      | Found a runed translucent gate.
  5353 | D:3      | Noticed grocchini's ghost (amateur VSAE)
  5620 | D:4      | Slain by a worm

Skill      XL: |  1  2  3  4  5 |
---------------+----------------+-----
Short Blades   | 2 3 4 |  4.8
Stealth        | 5 6 |  6.3
Hexes          | 5 6 |  6.0
Dodging        | |  2.1
Spellcasting   | |  2.0

Action                   |  1- 3 |  4- 6 || total
-------------------------+-------+-------++-------
Melee: Dagger            |   169 |   167 ||   336
       Bite              |    13 |    12 ||    25
Throw: Stone             |    37 |     6 ||    43
 Cast: Corona            |    15 |     5 ||    20
       Confuse           |     7 |    17 ||    24
 Abil: End Transformatio |       |     1 ||     1
       Bat Form          |       |     1 ||     1
  Use: Potion            |     7 |     7 ||    14
       Scroll            |       |     3 ||     3
 Stab: Sleeping          |     9 |    14 ||    23
       Confused          |     3 |     4 ||     7
Armor: Robe              |    27 |    11 ||    38
Dodge: Dodged            |   104 |    75 ||   179
